 Dungeon Crawl Stone Soup version 0.29.1-1-gd02db6906a (webtiles) character file.

Game seed: 17915403562160380599

76 FastidiousMonk the Gusty (level 4, -1/40 HPs)
             Began as an Ogre Air Elementalist on Sept 25, 2022.
             Slain by Ijyb
             ... wielding a +0 club
              (7 damage)
             ... on level 3 of the Dungeon.
             The game lasted 00:32:36 (7282 turns).

FastidiousMonk the Gusty (Ogre Air Elementalist)    Turns: 7282, Time: 00:32:37

Health: -1/40      AC:  4    Str: 12    XL:     4   Next: 32%
Magic:  6/8        EV: 10    Int: 16    God:
Gold:   107        SH:  0    Dex: 11    Spells: 8/9 levels left

rFire   . . .      SeeInvis .   c - +0 spear
rCold   . . .      Faith    .   (no shield)
rNeg    . . .      Spirit   .   a - +1 robe
rPois   +          Reflect  .   (helmet restricted)
rElec   .          Harm     .   (no cloak)
rCorr   .          Rampage  .   (gloves unavailable)
Will    .....                   (boots unavailable)
Stlth   +.........              (no amulet)
HPRegen 0.13/turn               e - ring of poison resistance
MPRegen 0.11/turn               (no ring)

@: confused
A: large, unfitting armour, tough skin 1
a: no special abilities


You were on level 3 of the Dungeon.
You visited 1 branch of the dungeon, and saw 3 of its levels.

You collected 107 gold pieces.

Inventory:

Hand Weapons
 c - a +0 spear (weapon)
Missiles
 h - 2 stones
Armour
 a - a +1 robe (worn)
Jewellery
 e - a ring of poison resistance (left hand)
Scrolls
 g - 2 scrolls of magic mapping
 i - a scroll of identify
 k - a scroll of enchant weapon {unknown}
Potions
 b - a potion of magic
 d - a potion of curing {unknown}
 f - a potion of flight {unknown}
 j - a potion of heal wounds {unknown}
 l - a potion of attraction


   Skills:
 + Level 0.7 Fighting
 - Level 1.0 Polearms
 + Level 2.1 Dodging
 - Level 1.9 Stealth
 + Level 3.1 Spellcasting
 - Level 1.1 Conjurations
 + Level 3.3 Air Magic


You had 8 spell levels left.
You knew the following spells:

 Your Spells              Type           Power      Damage    Failure   Level
a - Shock                 Conj/Air       36%        1d5       8%          1

Your spell library contained the following spells:

 Spells                   Type           Power      Damage    Failure   Level
 Static Discharge         Conj/Air       9%         3-5/arc   11%         2
 Swiftness                Air            13%        N/A       14%         3
 Airstrike                Air            6%         2d(1-17)  43%         4


Dungeon Overview and Level Annotations

Branches:
Dungeon (3/15)

Altars:

Annotations:
D:3 Ijyb


Innate Abilities, Weirdness & Mutations

You are too large for most types of armour.
You have tough skin. (AC +1)


Message History

You are too injured to fight recklessly!
You hit Ijyb but do no damage.
Ijyb is lightly wounded.
Ijyb zaps a wand.
Your will is overpowered!
You are confused.
You miss Ijyb.
Ijyb is lightly wounded.
Ijyb hits you with a +0 club!
* * * LOW HITPOINT WARNING * * *
You bump into the rock wall.
Ijyb zaps a wand.
Your will is overpowered!
You are more confused.
You miss Ijyb.
Ijyb is lightly wounded.
Ijyb barely misses you.
You bump into the rock wall.
Ijyb screams, "You nasty!
Big nasty!"
Ijyb barely misses you.
You closely miss Ijyb.
Ijyb is lightly wounded.
Ijyb completely misses you.
You hit Ijyb.
Ijyb is moderately wounded.
Ijyb zaps a wand.
Your will is overpowered!
You are more confused.
You bump into the rock wall.
Ijyb closely misses you.
You bump into the rock wall.
Ijyb zaps a wand.
You resist with some effort.
You bump into the rock wall.
Ijyb zaps a wand.
You resist with some effort.
You bump into the rock wall.
Ijyb hits you with a +0 club.
* * * LOW HITPOINT WARNING * * *
You hit Ijyb but do no damage.
Ijyb is moderately wounded.
Ijyb zaps a wand.
You resist with some effort.
You barely miss Ijyb.
Ijyb is moderately wounded.
Ijyb hits you with a +0 club.
* * * LOW HITPOINT WARNING * * *
You bump into the rock wall.
Ijyb zaps a wand.
You resist with some effort.
You bump into the rock wall.
Ijyb closely misses you.
You're too confused to move!
Ijyb hits you with a +0 club!
You die...

.....##.###.##.###.#
###.....# #....# #.#
.....#..###.##.###.#
###...#.....##.....#
#.........####.###
#.#####.#.# #.# #...
..#.# #.# #....
####.## #.# ..
#[.... #@#
.#.....##g##
..[........#
.#.....##..# #.....
#..# ##...# #..#
#.#. #..# #... #...
... ##.##


You could see Ijyb.

Vanquished Creatures
  Jessica (D:3)
  An adder (D:2)
  A shadow imp (D:3)
  A dart slug (D:1)
  6 ball pythons
  3 endoplasms
  2 giant cockroaches (D:1)
  7 goblins
  3 hobgoblins
  3 kobolds
  A frilled lizard (D:1)
  3 rats
32 creatures vanquished.

Notes
Turn   | Place    | Note
-------+----------+-------------------------------------------
     0 | D:1      | FastidiousMonk the Ogre Air Elementalist began the quest
                  | for the Orb.
     0 | D:1      | Reached XP level 1. HP: 16/16 MP: 3/3
   308 | D:1      | Reached XP level 2. HP: 24/24 MP: 3/5
  4799 | D:2      | Reached skill level 1 in Conjurations
  4999 | D:2      | Reached XP level 3. HP: 19/31 MP: 2/7
  6203 | D:3      | Noticed Jessica
  6328 | D:3      | Killed Jessica
  6329 | D:3      | Reached skill level 1 in Polearms
  6329 | D:3      | Reached XP level 4. HP: 40/40 MP: 5/8
  7248 | D:3      | Noticed Ijyb
  7282 | D:3      | Slain by Ijyb

Illustrated notes

Levels and vault maps discovered:
D:1:      dpeg_arrival_renting, layout_basic, chequers_serial_rivers_small_3
D:2:      layout_rooms
D:3:      layout_loops_ring, mainiacjoe_overflow_small_starburst, uniq_robin,
          uniq_ijyb, uniq_jessica

Skill      XL: |  1  2  3 |
---------------+----------+-----
Air Magic      | 3 |  3.3
Conjurations   | 1 |  1.1
Spellcasting   | 3 |  3.1
Polearms       | 1 |  1.0
Dodging        | 2 |  2.1
Fighting       | |  0.7
Stealth        | |  1.9

Action                   |  1- 3 |  4- 6 || total
-------------------------+-------+-------++-------
Melee: Spear             |    47 |    21 ||    68
 Cast: Shock             |    39 |     9 ||    48
  Use: Scroll            |     4 |       ||     4
 Stab: Sleeping          |     1 |       ||     1
Armor: Robe              |    19 |     4 ||    23
Dodge: Dodged            |    21 |     9 ||    30
